 Dungeon Crawl Stone Soup version 0.31.0-12-g77e489cdc1 (webtiles) character file.

Game seed: 8066569090513103064

15062 jagang the Fencer (level 12, 0/95 HPs)
             Began as a Human Monk on Mar 5, 2024.
             Was a High Priest of Okawaru.
             Slain by a killer bee (10 damage)
             ... on level 9 of the Dungeon.
             The game lasted 00:28:55 (10379 turns).

jagang the Fencer (Human Monk)                     Turns: 10379, Time: 00:28:56

Health: 0/95       AC: 21    Str: 11    XL:     12   Next: 23%
Magic:  19/25      EV:  8    Int: 12    God:    Okawaru [*****.]
Gold:   548        SH:  5    Dex: 20    Spells: 11/11 levels left

rFire   . . .        Q - +3 falchion "Deagetr Dutu" {flame, rN+ Will+ rCorr}
rCold   . . .        u - +0 buckler
rNeg    + . .        K - +0 plate armour
rPois   .            F - +2 helmet {SInv}
rElec   .            p - +0 cloak
rCorr   +            l - +2 pair of gloves {infuse}
SInv    +            (no boots)
Will    +....        (no amulet) Stlth
                     o - ring of magical power
HPRegen 0.35/turn    f - +5 ring of evasion
MPRegen 0.19/turn

%: infuse magic (1 MP)
@: lethally poisoned (0 -> -7)
A: explore regen
a: Renounce Religion, Heroism, Finesse, Duel


You were on level 9 of the Dungeon.
You worshipped Okawaru.
Okawaru was extremely pleased with you.
You visited 2 branches of the dungeon, and saw 10 of its levels.
You also visited: Bailey.

You collected 548 gold pieces.

Inventory:

Hand Weapons
 v - a +0 falchion of electrocution
 B - a +0 long sword of holy wrath
 N - a +4 dagger of venom
 Q - the +3 falchion "Deagetr Dutu" (weapon) {flame, rN+ Will+ rCorr}
   (You found it on level 8 of the Dungeon)

   rN+:       It protects you from negative energy.
   Will+:     It increases your willpower.
   rCorr:     It protects you from acid and corrosion.
Missiles
 q - 24 poisoned darts
 E - 3 curare-tipped darts
 J - 4 boomerangs (quivered)
 R - 3 atropa-tipped darts
 T - 2 javelins
Armour
 l - a +2 pair of gloves of infusion (worn)
 p - a +0 cloak (worn)
 u - a +0 buckler (worn)
 F - a +2 helmet of see invisible (worn)
 K - a +0 plate armour (worn)
 M - a +1 scale mail of cold resistance
Jewellery
 f - a +5 ring of evasion (right hand)
 o - a ring of magical power (left hand)
Wands
 x - a wand of paralysis (14)
 z - a wand of mindburst (16)
 A - a wand of digging (8)
 D - a wand of quicksilver (19)
 I - a wand of roots (8)
Scrolls
 b - 4 scrolls of noise
 j - 7 scrolls of teleportation
 k - 4 scrolls of revelation
 n - 3 scrolls of amnesia {unknown}
 r - 3 scrolls of fog {unknown}
 s - a scroll of poison {unknown}
 y - a scroll of silence {unknown}
 H - a scroll of vulnerability {unknown}
 L - a scroll of enchant armour
 O - 2 scrolls of fear {unknown}
 P - a scroll of immolation {unknown}
 S - a scroll of enchant weapon {unknown}
Potions
 a - a potion of berserk rage {unknown}
 c - 2 potions of ambrosia
 e - 6 potions of haste
 g - 7 potions of curing
 h - 2 potions of cancellation {unknown}
 i - a potion of heal wounds {unknown}
 m - a potion of degeneration {unknown}
 t - a potion of mutation {unknown}
 w - a potion of attraction {unknown}
 C - 2 potions of enlightenment {unknown}
 G - a potion of magic {unknown}


   Skills:
 * Level 9.1 Fighting
 * Level 16.5 Long Blades
 + Level 3.4 Throwing
 * Level 8.4 Armour
 - Level 3.0 Dodging
 + Level 3.1 Shields
 + Level 6.4 Invocations


You had 11 spell levels left.
You didn't know any spells.
Your spell library contained the following spells:

 Spells                   Type           Power      Damage    Failure   Level
 Kiss of Death            Conj/Necr      0%         2d5       100%        1
 Sandblast                Erth           0%         2d4       100%        1
 Shock                    Conj/Air       0%         1d3       100%        1
 Jinxbite                 Hex            0%         N/A       100%        2
 Confusing Touch          Hex            0%         N/A       100%        3
 Dazzling Flash           Conj/Hex       0%         N/A       100%        3
 Mephitic Cloud           Conj/Alch/Air  0%         N/A       100%        3
 Passwall                 Erth           0%         N/A       100%        3
 Stone Arrow              Conj/Erth      0%         3d7       100%        3
 Swiftness                Air            0%         N/A       100%        3
 Airstrike                Air            0%         2d(0-16)  100%        4
 Brom's Barrelling Bould  Conj/Erth      0%         2d3       100%        4
 Dispel Undead            Necr           0%         3d6       100%        4
 Curse of Agony           Necr           0%         N/A       100%        5
 Silence                  Hex/Air        0%         N/A       100%        5
 Yara's Violent Unravell  Hex/Alch       0%         3d3       100%        5
 Enfeeble                 Hex            0%         N/A       100%        7


Dungeon Overview and Level Annotations

Branches:
Dungeon (9/15)             Temple (1/1) D:7            Lair (0/5) D:9
 Bailey (visited)
    Orc: D:9-12

Altars:
Ashenzari
Cheibriados
Dithmenos
Elyvilon
Fedhas
Gozag
Hepliaklqana
Kikubaaqudgha
Makhleb
Nemelex Xobeh
Okawaru
Qazlal
Ru
Sif Muna
Trog
Uskayaw
Vehumet
Wu Jian
Xom
Yredelemnul
Zin
The Shining One

Annotations:
D:6 2 transporters, jimonade's ghost, novice HOMo
Temple 2 transporters


Innate Abilities, Weirdness & Mutations

You regain HP and MP as you explore.


Message History

You miss the killer bee.
The killer bee is severely wounded.
You feel sick. You block the killer bee's attack. x2
The killer bee stings you but does no damage.
You hit the killer bee. You burn the killer bee.
The killer bee is almost dead.
You feel sick. The killer bee barely misses you.
You slash the killer bee! You burn the killer bee.
You kill the killer bee!
Okawaru accepts your kill.
You feel sick. The killer bee stings you!
You slash the killer bee! You burn the killer bee.
The killer bee is heavily wounded.
You feel sick.
The killer bee stings you but does no damage.
The killer bee barely misses you.
You feel sick. The killer bee barely misses you.
You block the killer bee's attack.
You feel sick. You block the killer bee's attack.
The killer bee closely misses you.
You feel sick. You block the killer bee's attack.
The killer bee stings you but does no damage.
You barely miss the killer bee.
The killer bee is heavily wounded.
You feel sick.
The killer bee stings you but does no damage.
The killer bee barely misses you.
You feel sick.
The killer bee attacks as it pursues you!
The killer bee barely misses you. The killer bee stings you!
* * * LOW HITPOINT WARNING * * *
You are more poisoned.
The killer bee poisons you! You block the killer bee's attack.
There is a stone staircase leading down here.
You feel very sick. The killer bee stings you!
* * * LOW HITPOINT WARNING * * *
The killer bee stings you but does no damage.
The killer bee stings you!
You die...

### #...# #.#
#.######.### #.#
#.......# #.#
######†## #.# #†#
#.# #y# #.# #W#
#.# #y#
###.####### #@#
..........######.#
###.######.......#
#.# #.......# #.#
#######.# #)# #.#
###.# #.# ....#
#######.# ....#
#.......#


You could see a queen bee, a wraith and a killer bee (berserk).

Vanquished Creatures
  3 death yaks (D:9)
  A two-headed ogre (D:9)
  Pikel (D:5)
  2 orc knights (Bailey)
  2 kobold demonologists (Bailey)
  Grinder (D:3)
  7 yaks
  A wyvern (D:8)
  2 water moccasins
  10 orc warriors
  A sky beast (D:7)
  A black bear (D:5)
  3 ice beasts
  An ogre (D:4)
  2 centaurs
  A phantom (D:6)
  2 kobold brigands
  A gnoll sergeant (D:9)
  A scorpion (D:5)
  5 wights (D:8)
  22 killer bees
  4 electric eels
  A bombardier beetle (D:4)
  6 orc priests
  A gnoll bouda (D:6)
  6 hounds
  2 jellies
  An iguana (D:7)
  A sleepcap (D:7)
  3 orc wizards
  2 hell rats (D:7)
  Ijyb (D:5)
  14 adders
  17 gnolls
  9 river rats (D:7)
  A shadow imp (D:5)
  3 dart slugs
  A ribbon worm (D:2)
  25 orcs
  5 ball pythons
  8 endoplasms
  3 giant cockroaches
  12 goblins
  11 hobgoblins
  12 kobolds
  7 quokkas
  6 bats
  3 frilled lizards
  23 rats
258 creatures vanquished.

Vanquished Creatures (others)
  An orc (Bailey)
1 creature vanquished.

Grand Total: 259 creatures vanquished

Notes
Turn   | Place    | Note
-------+----------+-------------------------------------------
     0 | D:1      | jagang the Human Monk began the quest for the Orb.
     0 | D:1      | Reached XP level 1. HP: 18/18 MP: 1/1
   130 | D:1      | Reached XP level 2. HP: 24/24 MP: 2/2
   499 | D:1      | Reached skill level 1 in Armour
   515 | D:1      | Reached XP level 3. HP: 28/29 MP: 3/3
  1172 | D:2      | You fall into a shaft and drop 1 floor!
  1172 | D:3      | Found a faded altar of an unknown god.
  1357 | D:3      | Reached skill level 4 in Long Blades
  1357 | D:3      | Reached XP level 4. HP: 33/35 MP: 0/4
  1800 | D:3      | Noticed Grinder
  1820 | D:3      | Killed Grinder
  1821 | D:3      | Reached skill level 5 in Long Blades
  1821 | D:3      | Reached XP level 5. HP: 32/42 MP: 6/6
  1821 | D:3      | Reached XP level 6. HP: 37/48 MP: 6/7
  3147 | D:4      | Reached XP level 7. HP: 43/55 MP: 8/8
  3744 | D:5      | Entered Level 5 of the Dungeon
  3931 | D:5      | Reached skill level 6 in Long Blades
  3964 | D:5      | Noticed Pikel
  4049 | D:5      | Killed Pikel
  4050 | D:5      | Reached skill level 5 in Fighting
  4050 | D:5      | Reached skill level 7 in Long Blades
  4050 | D:5      | Reached XP level 8. HP: 28/62 MP: 11/11
  4265 | D:5      | Noticed Ijyb
  4283 | D:5      | Killed Ijyb
  4981 | D:6      | Found an opulent altar of Gozag.
  5173 | D:6      | Reached skill level 5 in Armour
  5173 | D:6      | Reached XP level 9. HP: 57/69 MP: 10/12
  5677 | D:6      | Noticed jimonade's ghost (novice HOMo)
  5678 | D:6      | Found a transporter.
  5685 | D:6      | Found a transporter.
  5902 | D:6      | Reached skill level 5 in Invocations
  6088 | D:7      | Found a staircase to the Ecumenical Temple.
  6121 | D:7      | Reached skill level 8 in Long Blades
  6127 | Temple   | Found a transporter.
  6127 | Temple   | Found a transporter.
  6127 | Temple   | Found a transporter.
  6127 | Temple   | Found a transporter.
  6127 | Temple   | Entered the Ecumenical Temple
  6143 | Temple   | Became a worshipper of Warmaster Okawaru
  6143 | Temple   | Reached * piety under Okawaru
  6143 | Temple   | Reached ** piety under Okawaru
  6426 | D:7      | Found a flagged portal.
  6450 | Bailey   | Entered a bailey
  6773 | Bailey   | Noticed an orc knight
  6803 | Bailey   | Killed an orc knight
  6803 | Bailey   | Reached *** piety under Okawaru
  6804 | Bailey   | Reached skill level 1 in Throwing
  6851 | Bailey   | Reached XP level 10. HP: 51/79 MP: 9/14
  7178 | Bailey   | Acquired a manual of Long Blades
  7224 | Bailey   | Reached skill level 9 in Long Blades
  7590 | Bailey   | Found an iron altar of Okawaru.
  7590 | Bailey   | Noticed a kobold demonologist
  7590 | Bailey   | Noticed a kobold demonologist
  7590 | Bailey   | Noticed an orc knight
  7597 | Bailey   | Noticed a smoke demon
  7600 | Bailey   | Killed an orc knight
  7605 | Bailey   | Killed a kobold demonologist
  7605 | Bailey   | Reached **** piety under Okawaru
  7606 | Bailey   | Reached skill level 1 in Shields
  7611 | Bailey   | Killed a kobold demonologist
  8476 | D:7      | Reached skill level 16 in Long Blades
  8476 | D:7      | Reached XP level 11. HP: 86/86 MP: 8/15
  9022 | D:8      | Identified the +3 falchion "Deagetr Dutu" {flame, rN+ Will+
                  | rCorr}
  9413 | D:8      | Found a glowing golden altar of the Shining One.
  9428 | D:8      | Found a burning altar of Makhleb.
  9430 | D:8      | Found a hide-covered altar of Uskayaw.
  9430 | D:8      | Found a snail-covered altar of Cheibriados.
  9430 | D:8      | Found a basalt altar of Yredelemnul.
  9430 | D:8      | Found a bloodstained altar of Trog.
  9431 | D:8      | Found a glowing silver altar of Zin.
  9433 | D:8      | Found an ornate altar of the Wu Jian Council.
  9574 | D:9      | Noticed a two-headed ogre
  9585 | D:9      | Killed a two-headed ogre
  9585 | D:9      | Reached ***** piety under Okawaru
  9614 | D:9      | Noticed a death yak
  9615 | D:9      | Noticed a death yak
  9620 | D:9      | Noticed a death yak
  9636 | D:9      | Killed a death yak
  9657 | D:9      | Killed a death yak
  9658 | D:9      | Reached XP level 12. HP: 45/94 MP: 0/16
  9724 | D:9      | Killed a death yak
  9724 | D:9      | Received a gift from Okawaru
  9880 | D:9      | Found a staircase to the Lair.
 10379 | D:9      | Slain by a killer bee

Illustrated notes

Levels and vault maps discovered:
D:1:      matt_arrival_grand_opening, layout_loops_ring, minmay_statues_item
D:2:      layout_loops_ring, grunt_ministairs_6
D:3:      layout_loops_ring, hellmonk_ecumenical_altar_crossroads,
          minmay_pentangle, uniq_grinder
D:4:      layout_cave_pools, serial_bayou, serial_bayou_crossing,
          serial_bayou_pond_b, serial_bayou_ford_a, serial_bayou_lagoon_a,
          serial_bayou_pond_c, serial_bayou_shore_b, nicolae_zig_zag_zippers
D:5:      layout_loops_ring, minmay_misc_feat_enclosed, minmay_bent, uniq_ijyb,
          uniq_pikel
D:6:      layout_basic, mainiacjoe_overflow_boulevard, gammafunk_ghost_arena,
          water_maze_lemuel
D:7:      lemuel_ratsnest, layout_loops_ring, minmay_temple_entry_mist,
          enter_bailey_5, kennysheep_small_circle
D:8:      layout_cave_pools, minitemple
D:9:      layout_small_grid, dpeg_lair_monsters, minivault_7
Temple:   hellmonk_temple_divided_pantheon

Skill      XL: |  1  2  3  4  5  6  7  8  9 10 11 12 |
---------------+-------------------------------------+-----
Armour         | 1 2 4 5 6 7 8 |  8.4
Long Blades    | 4 5 7 8 16 | 16.5
Fighting       | 4 5 6 7 8 9 |  9.1
Invocations    | 2 4 5 6 |  6.4
Throwing       | 1 2 3 |  3.4
Shields        | 1 2 3 |  3.1
Dodging        | |  3.0

Action                     |  1- 3 |  4- 6 |  7- 9 | 10-12 || total
---------------------------+-------+-------+-------+-------++-------
  Melee: Falchion          |    99 |    88 |    40 |   343 ||   570
         Long sword        |       |       |   239 |       ||   239
  Throw: Dart              |       |    10 |    14 |     1 ||    25
         Boomerang         |       |       |       |    44 ||    44
         Javelin           |       |       |       |     5 ||     5
 Invoke: Heroism           |       |       |     1 |     3 ||     4
  Evoke: Wand              |       |       |       |     1 ||     1
    Use: Scroll            |       |     4 |       |     4 ||     8
         Potion            |       |       |       |     1 ||     1
 Armour: Chain mail        |    80 |    68 |   225 |       ||   373
         Robe              |     2 |       |       |       ||     2
         Plate armour      |       |       |       |   240 ||   240
  Dodge: Dodged            |    32 |    26 |   165 |   124 ||   347
  Block: Buckler           |       |       |       |    15 ||    15
